Map: King's Cove LE

Players

SortOf - Winner!

  • Race: Zerg Zerg
  • Spawn Location: 5:00

InZaNe

  • Race: Terran Terran
  • Spawn Location: 11:00

Event: 2019 WCS Spring

VOD

Have the link to the VOD?

Description

Time

  • Played on: May 17, 2019, 11:12 a.m.
  • Length: 6:32

All games in this series

Show
View Real Time Build Order
Export as new Build Order

SortOf Zerg - Winner!

Build Orders: Hatch First 

Get SALT Encoding   

  12  0:00  Drone  
  13  0:12  Overlord  
  13  0:18  Drone  
  14  0:31  Drone x2  
  16  0:51  Hatchery  
  16  0:53  Drone  
  16  0:56  Drone  
  17  0:59  Drone  
  18  1:10  Extractor  
  17  1:15  Spawning Pool  
  17  1:18  Drone  
  17  1:23  Drone  
  18  1:29  Drone  
  19  1:39  Drone  
  20  1:49  Overlord  
  20  2:04  Queen x2  
  20  2:06  Zergling x4  
  26  2:13  Drone  
  26  2:14  Drone  
  28  2:29  Hatchery  
  27  2:33  Drone x2  
  27  2:36  Drone  
  30  2:39  Drone  
  30  2:43  Metabolic Boost  
  31  2:49  Overlord  
  31  2:53  Drone  
  31  2:57  Drone  
  33  3:00  Queen  
  33  3:04  Drone  
  36  3:10  Drone x2  
  38  3:13  Drone  
  38  3:14  Drone  
  38  3:17  Drone  
  38  3:19  Overlord  
  41  3:21  Drone  
  41  3:26  Queen  
  44  3:29  Overlord  
  44  3:40  Drone x2  
  46  3:42  Queen  
  46  3:44  Zergling x4  
  50  3:51  Drone x2  
  50  3:53  Drone, Baneling Nest  
  52  3:58  Drone x2  
  52  4:01  Spore Crawler  
  52  4:02  Overlord  
  53  4:05  Drone x2  
  55  4:10  Lair  
  55  4:18  Spore Crawler  
  55  4:20  Drone x2  
  55  4:21  Drone x3  
  56  4:26  Drone  
  56  4:27  Drone x3  
  60  4:31  Queen  
  60  4:37  Queen  
  64  4:39  Overlord  
  64  4:42  Overlord  
  64  4:44  Drone  
  65  4:50  Spore Crawler  
  65  4:51  Spore Crawler  
  63  4:52  Spore Crawler  
  63  4:59  Zergling x6  
  65  5:02  Zergling x4  
  65  5:05  Zergling x2  
  65  5:06  Zergling x4  
  70  5:07  Queen  
  70  5:12  Nydus Network  
  71  5:16  Overseer  
  71  5:17  Overlord  
  71  5:18  Queen  
  73  5:22  Queen  
  73  5:26  Zergling x8  
  79  5:34  Zergling x2  
  79  5:35  Zergling x6  
  81  5:41  Zergling x16  
  87  5:49  Zergling x8  
  87  5:55  Queen  
  88  5:58  Zergling x2  
  88  6:00  Nydus Canal  
  87  6:07  Zergling x10  
  87  6:08  Zergling x2  
  87  6:11  Zergling x4  
Show
View Real Time Build Order
Export as new Build Order

InZaNe Terran 

Build Orders: Command Center First (CC) 

Get SALT Encoding   

  12  0:00  SCV  
  13  0:12  SCV  
  14  0:18  Supply Depot  
  14  0:25  SCV  
  15  0:39  SCV  
  16  0:51  SCV  
  17  1:00  Command Center  
  17  1:04  SCV  
  18  1:09  Refinery  
  18  1:16  SCV  
  19  1:23  Barracks  
  19  1:28  SCV  
  20  1:35  Refinery  
  20  1:40  SCV  
  21  1:52  SCV  
  23  2:10  Reaper, Orbital Command  
  23  2:13  Orbital Command  
  23  2:17  Factory  
  23  2:29  Supply Depot  
  23  2:36  SCV  
  24  2:39  SCV  
  24  2:43  Barracks Reactor  
  25  2:48  SCV  
  26  2:51  SCV  
  27  3:00  SCV  
  27  3:03  SCV  
  27  3:04  Starport  
  29  3:12  SCV  
  30  3:15  SCV  
  30  3:19  Supply Depot  
  31  3:24  SCV, Hellion x2  
  36  3:27  SCV, Marine  
  38  3:37  Command Center  
  38  3:39  SCV  
  40  3:45  Marine  
  40  3:47  Fusion Core  
  41  3:51  Hellion x2  
  44  3:58  SCV  
  44  3:59  Starport Tech Lab  
  44  4:02  Supply Depot  
  45  4:04  SCV  
  45  4:09  Barracks Tech Lab  
  46  4:11  SCV  
  46  4:12  Refinery  
  46  4:13  Refinery  
  46  4:16  SCV  
  48  4:22  Hellion x2  
  48  4:23  SCV  
  48  4:28  SCV  
  49  4:35  SCV  
  49  4:37  Battlecruiser  
  56  4:40  SCV  
  56  4:43  Armory  
  57  4:47  Hellion  
  57  4:49  Hellion  
  57  4:52  Orbital Command  
  61  4:54  SCV  
  61  4:55  SCV  
  63  5:01  Refinery  
  63  5:06  SCV  
  64  5:07  SCV  
  64  5:08  Armory  
  64  5:11  Hellion  
  64  5:12  Hellion  
  69  5:19  SCV x2  
  71  5:29  Factory  
  71  5:30  Factory  
  71  5:31  SCV x2  
  65  5:37  Hellion x2  
  67  5:48  SCV x2  
  67  5:49  Orbital Command  
  73  6:00  SCV  
  73  6:01  SCV  
  73  6:12  SCV  
  73  6:13  SCV  
  73  6:15  Factory Tech Lab  
Tags
 
Add a new tag
Caveats
  • Supply blocks, unpowered buildings, or Contaminate may cause inaccurate times.
  • Supply counts are checked every 10 seconds.